[ AOE2 MATCH · #467438005 ]
UnrankedPersians vs Persians
[ REPLAY ANALYSIS · EXTRACTED FROM THE RECORDED GAME ]
Feudal
11:07
Castle
15:50
Imperial
30:54
| APM avg | 20.1 |
| APM peak | 56 |
| eAPM avg | 13.9 |
| Villagers / military | 108 / 368 |
Focus
⚔️ 20.2% · 🌾 79.8%
Hand Cannoneer ×107 · Camel Scout ×100 · War Elephant ×85 · Knight ×50 · Bombard Cannon ×26 · Trade Cart ×23
Feudal
—
Castle
—
Imperial
—
| APM avg | 20.2 |
| APM peak | 65 |
| eAPM avg | 16.8 |
| Villagers / military | 132 / 335 |
Focus
⚔️ 41.9% · 🌾 58.1%
War Elephant ×161 · Archer ×80 · Camel Scout ×54 · Trade Cart ×37 · Knight ×24 · Fishing Ship ×20
Feudal
11:48
Castle
15:19
Imperial
31:33
| APM avg | 27.5 |
| APM peak | 64 |
| eAPM avg | 19.4 |
| Villagers / military | 108 / 666 |
Focus
⚔️ 44.5% · 🌾 55.5%
Spearman ×282 · Konnik ×259 · Militia ×67 · Battering Ram ×55 · Fishing Ship ×27 · Demolition Raft ×2
Feudal
11:01
Castle
22:26
Imperial
37:04
| APM avg | 19.0 |
| APM peak | 56 |
| eAPM avg | 13.8 |
| Villagers / military | 123 / 530 |
Focus
⚔️ 32.2% · 🌾 67.8%
Skirmisher ×230 · Spearman ×150 · Fire Lancer ×120 · Trade Cart ×18 · Bombard Cannon ×18 · Fishing Ship ×14
Feudal
12:17
Castle
24:21
Imperial
37:55
| APM avg | 9.8 |
| APM peak | 25 |
| eAPM avg | 8.0 |
| Villagers / military | 84 / 497 |
Focus
⚔️ 38.1% · 🌾 61.9%
Woad Raider ×235 · Spearman ×225 · Mangonel ×24 · Trade Cart ×9 · Skirmisher ×8 · Trebuchet (Packed) ×5
Feudal
14:22
Castle
23:18
Imperial
36:26
| APM avg | 14.1 |
| APM peak | 30 |
| eAPM avg | 11.6 |
| Villagers / military | 156 / 450 |
Focus
⚔️ 31.3% · 🌾 68.7%
Spearman ×340 · Knight ×52 · Trade Cart ×35 · Teutonic Knight ×32 · Monk ×22 · Fishing Ship ×6
Feudal
14:04
Castle
25:39
Imperial
35:28
| APM avg | 18.6 |
| APM peak | 247 |
| eAPM avg | 16.5 |
| Villagers / military | 123 / 403 |
Focus
⚔️ 44.9% · 🌾 55.1%
Jaguar Warrior ×226 · Spearman ×84 · Scorpion ×41 · Eagle Scout ×29 · Mangonel ×22 · Militia ×1
Feudal
14:06
Castle
18:30
Imperial
32:08
| APM avg | 38.9 |
| APM peak | 101 |
| eAPM avg | 32.7 |
| Villagers / military | 282 / 794 |
Focus
⚔️ 37.1% · 🌾 62.9%
Spearman ×292 · Skirmisher ×136 · Militia ×68 · Scout Cavalry ×65 · Monk ×45 · Knight ×38
Match map
Initial resources + every placement click. Lines = walls · curves = elevation contours. ◆ gold · ⬟ stone · ● berries · ✦ relic · ◌ wall gap
Your base· Open — opponent sealed themselves in
Sangreal2420's base· ✓ Closed at 17:42 · 9t walls · no gate
joseemiron's base· Open — opponent sealed themselves in
luzmamera2's base· ✓ Closed at 22:26 · 51t walls · no gate
A P's base· Open — opponent sealed themselves in
El Pulgo's base· ✓ Closed at 23:18 · 43t walls · no gate
Stir_and_Fly's base· Open — opponent sealed themselves in
doktoryigitck's base· ✓ Closed at 18:30 · 12t walls · 1 gate(s)
Smoothed initial terrain · ◌ = detected wall gap · hover for details
Inputs per minute
— Pisztolya - - Sangreal2420
Build order — Pisztolya
First 150 of 365 actions detected
| 0:03 | Build | House |
| 0:05 | Build | House |
| 0:05 | Create | Villager (Male) |
| 0:05 | Create | Villager (Male) |
| 0:36 | Create | Villager (Male) |
| 0:36 | Create | Villager (Male) |
| 0:48 | Create | Villager (Male) |
| 1:46 | Build | Lumber Camp |
| 1:47 | Create | Villager (Male) |
| 2:18 | Create | Villager (Male) |
| 2:19 | Create | Villager (Male) |
| 2:31 | Create | Villager (Male) |
| 3:21 | Build | House |
| 3:24 | Create | Villager (Male) |
| 3:24 | Create | Villager (Male) |
| 4:17 | Create | Villager (Male) |
| 4:17 | Create | Villager (Male) |
| 4:38 | Create | Villager (Male) |
| 5:18 | Create | Villager (Male) |
| 5:18 | Create | Villager (Male) |
| 5:34 | Build | House |
| 5:51 | Create | Villager (Male) |
| 5:51 | Create | Villager (Male) |
| 6:18 | Create | Villager (Male) |
| 6:19 | Create | Villager (Male) |
| 6:35 | Create | Villager (Male) |
| 6:35 | Create | Villager (Male) |
| 7:36 | Build | Mill |
| 8:03 | Build | House |
| 8:15 | Create | Villager (Male) |
| 8:39 | Create | Villager (Male) |
| 8:44 | Build | Mining Camp |
| 8:52 | Research | Feudal Age |
| 11:07 | Age | Feudal Age |
| 11:10 | Build | Market |
| 11:12 | Build | Blacksmith |
| 11:14 | Create | Villager (Male) |
| 11:15 | Create | Villager (Male) |
| 12:04 | Create | Villager (Male) |
| 13:25 | Research | Castle Age |
| 13:25 | Research | Castle Age |
| 13:44 | Research | Double-Bit Axe |
| 13:44 | Research | Double-Bit Axe |
| 14:01 | Research | Horse Collar |
| 14:02 | Research | Horse Collar |
| 14:57 | Build | Farm |
| 14:57 | Build | Farm |
| 14:58 | Build | Farm |
| 14:59 | Build | Farm |
| 15:01 | Build | Farm |
| 15:03 | Build | Farm |
| 15:04 | Build | Farm |
| 15:09 | Build | Farm |
| 15:10 | Build | Farm |
| 15:12 | Build | Farm |
| 15:14 | Build | Farm |
| 15:15 | Build | Farm |
| 15:34 | Build | Farm |
| 15:35 | Build | Farm |
| 15:36 | Build | Farm |
| 15:37 | Build | Farm |
| 15:50 | Age | Castle Age |
| 15:55 | Build | Town Center |
| 16:05 | Build | Town Center |
| 16:12 | Build | Town Center |
| 16:21 | Create | Villager (Male) |
| 16:21 | Create | Villager (Male) |
| 16:22 | Create | Villager (Male) |
| 16:37 | Build | House |
| 17:24 | Create | Villager (Male) ×5 |
| 18:06 | Create | Villager (Male) |
| 18:06 | Create | Villager (Male) |
| 18:06 | Create | Villager (Male) |
| 18:07 | Create | Villager (Male) |
| 18:07 | Create | Villager (Male) |
| 18:08 | Create | Villager (Male) |
| 18:13 | Build | Farm |
| 18:16 | Build | Farm |
| 18:22 | Create | Villager (Male) |
| 18:23 | Create | Villager (Male) |
| 18:23 | Create | Villager (Male) |
| 18:23 | Create | Villager (Male) |
| 18:38 | Create | Villager (Male) |
| 18:39 | Create | Villager (Male) |
| 18:39 | Create | Villager (Male) |
| 18:39 | Create | Villager (Male) |
| 19:01 | Research | Bow Saw |
| 19:01 | Research | Bow Saw |
| 19:04 | Create | Villager (Male) |
| 19:17 | Build | House |
| 19:18 | Build | House |
| 19:19 | Build | House |
| 19:20 | Build | House |
| 19:53 | Create | Villager (Male) ×5 |
| 20:12 | Build | Mining Camp |
| 20:17 | Create | Villager (Male) ×5 |
| 20:57 | Create | Villager (Male) ×4 |
| 21:18 | Build | Farm |
| 21:20 | Build | Farm |
| 21:25 | Build | Farm |
| 21:26 | Build | Farm |
| 21:27 | Build | Farm |
| 21:29 | Build | Farm |
| 21:33 | Build | Farm |
| 21:34 | Build | Farm |
| 21:35 | Build | Farm |
| 21:39 | Build | Farm |
| 21:40 | Build | Farm |
| 21:42 | Build | Farm |
| 21:48 | Build | Farm |
| 21:49 | Build | Farm |
| 21:50 | Build | Farm |
| 21:54 | Build | Lumber Camp |
| 21:59 | Build | Farm |
| 22:00 | Build | Farm |
| 22:01 | Build | Farm |
| 22:07 | Build | Farm |
| 22:09 | Build | Farm |
| 22:13 | Create | Villager (Male) ×5 |
| 22:14 | Create | Villager (Male) ×4 |
| 22:20 | Build | House |
| 22:24 | Build | House |
| 22:31 | Build | House |
| 22:32 | Build | House |
| 22:35 | Build | House |
| 22:40 | Research | Town Watch |
| 23:11 | Research | Caravan |
| 23:12 | Create | Trade Cart |
| 23:12 | Create | Trade Cart |
| 23:25 | Create | Villager (Male) ×5 |
| 24:04 | Create | Villager (Male) ×5 |
| 24:19 | Build | House |
| 24:20 | Build | House |
| 24:21 | Build | House |
| 24:22 | Build | House |
| 24:23 | Build | House |
| 24:27 | Build | House |
| 24:28 | Build | House |
| 24:29 | Build | House |
| 24:30 | Build | House |
| 24:33 | Create | Villager (Male) ×5 |
| 24:51 | Research | Wheelbarrow |
| 25:27 | Create | Villager (Male) ×5 |
| 25:34 | Create | Trade Cart |
| 25:34 | Create | Trade Cart |
| 25:34 | Create | Trade Cart |
| 25:34 | Create | Trade Cart |
| 26:05 | Create | Villager (Male) ×5 |
| 26:58 | Build | University |
| 27:00 | Build | Monastery |
Build order — Sangreal2420
First 150 of 753 actions detected
| 0:02 | Create | Villager (Male) |
| 0:07 | Build | House |
| 0:08 | Build | House |
| 0:11 | Research | Loom |
| 0:12 | Create | Villager (Male) |
| 0:12 | Create | Villager (Male) |
| 0:12 | Create | Villager (Male) |
| 0:13 | Create | Villager (Male) |
| 1:18 | Build | Palisade Wall |
| 1:26 | Build | Palisade Gate |
| 1:38 | Build | Lumber Camp |
| 2:30 | Build | House |
| 2:51 | Create | Villager (Male) |
| 2:51 | Create | Villager (Male) |
| 3:18 | Create | Villager (Male) |
| 3:18 | Create | Villager (Male) |
| 3:18 | Create | Villager (Male) |
| 3:32 | Create | Villager (Male) |
| 3:33 | Create | Villager (Male) |
| 4:02 | Create | Villager (Male) |
| 4:03 | Create | Villager (Male) |
| 4:12 | Build | Mill |
| 4:14 | Create | Villager (Male) |
| 4:15 | Create | Villager (Male) |
| 4:44 | Create | Villager (Male) |
| 5:27 | Create | Villager (Male) |
| 5:27 | Create | Villager (Male) |
| 5:27 | Create | Villager (Male) |
| 6:10 | Build | House |
| 6:20 | Create | Villager (Male) |
| 6:48 | Create | Villager (Male) |
| 6:48 | Create | Villager (Male) |
| 6:48 | Create | Villager (Male) |
| 7:23 | Build | Dock |
| 7:37 | Create | Villager (Male) |
| 7:46 | Build | Lumber Camp |
| 7:51 | Create | Villager (Male) |
| 8:06 | Create | Villager (Male) |
| 8:22 | Create | Villager (Male) |
| 8:30 | Build | House |
| 9:14 | Create | Villager (Male) |
| 9:19 | Create | Fishing Ship |
| 9:19 | Create | Fishing Ship |
| 9:32 | Create | Villager (Male) |
| 9:33 | Build | House |
| 9:38 | Build | House |
| 9:50 | Create | Villager (Male) |
| 10:14 | Create | Villager (Male) |
| 10:17 | Create | Fishing Ship |
| 10:59 | Research | Feudal Age |
| 11:02 | Build | Lumber Camp |
| 11:11 | Create | Fishing Ship |
| 12:07 | Create | Villager (Male) |
| 12:08 | Create | Villager (Male) |
| 12:34 | Build | Mining Camp |
| 13:00 | Create | Villager (Male) |
| 13:05 | Research | Double-Bit Axe |
| 13:06 | Research | Horse Collar |
| 13:10 | Create | Villager (Male) |
| 13:19 | Build | House |
| 13:20 | Build | House |
| 13:34 | Create | Villager (Male) |
| 13:40 | Research | Tech 906 |
| 13:47 | Create | Fishing Ship |
| 13:51 | Create | Villager (Male) |
| 14:16 | Build | Blacksmith |
| 14:31 | Build | Market |
| 14:35 | Create | Villager (Male) |
| 14:36 | Create | Villager (Male) |
| 14:49 | Build | Farm |
| 14:49 | Build | Farm |
| 14:50 | Build | Farm |
| 14:50 | Build | Farm |
| 14:51 | Build | Farm |
| 15:05 | Build | Farm |
| 15:36 | Create | Villager (Male) |
| 15:40 | Build | Farm |
| 15:40 | Build | Farm |
| 15:40 | Build | Farm |
| 15:41 | Build | Farm |
| 15:41 | Build | Farm |
| 15:41 | Build | Farm |
| 15:42 | Build | Farm |
| 15:43 | Build | Farm |
| 15:50 | Build | Farm |
| 16:03 | Create | Demolition Raft |
| 16:08 | Create | Fishing Ship |
| 16:15 | Build | Farm |
| 16:19 | Create | Villager (Male) |
| 16:39 | Build | Mill |
| 17:02 | Create | Villager (Male) |
| 17:06 | Build | Farm |
| 17:42 | Research | Castle Age |
| 17:46 | Build | Farm |
| 17:48 | Build | Farm |
| 18:24 | Build | Fish Trap |
| 18:38 | Build | Fish Trap |
| 18:46 | Build | Fish Trap |
| 18:49 | Build | Fish Trap |
| 19:06 | Build | Fish Trap |
| 19:12 | Create | Villager (Male) |
| 19:12 | Create | Villager (Male) |
| 20:17 | Build | Town Center |
| 20:22 | Create | Villager (Male) |
| 20:32 | Create | Villager (Male) |
| 20:37 | Create | Villager (Male) |
| 21:02 | Build | Town Center |
| 21:09 | Create | Villager (Male) |
| 21:13 | Create | Villager (Male) |
| 21:25 | Research | Bow Saw |
| 21:39 | Build | House |
| 21:40 | Build | House |
| 21:57 | Build | Mining Camp |
| 22:12 | Create | Villager (Male) |
| 22:12 | Create | Villager (Male) |
| 22:29 | Create | Villager (Male) |
| 22:47 | Create | Villager (Male) |
| 22:48 | Create | Villager (Male) |
| 22:48 | Create | Villager (Male) |
| 22:55 | Create | Villager (Male) |
| 22:56 | Create | Villager (Male) |
| 22:56 | Create | Villager (Male) |
| 22:58 | Create | Trade Cart |
| 22:58 | Create | Trade Cart |
| 23:02 | Create | Demolition Raft |
| 23:07 | Research | Gillnets |
| 23:08 | Create | Fishing Ship |
| 23:21 | Create | Villager (Male) |
| 23:24 | Create | Villager (Male) |
| 23:26 | Create | Villager (Male) |
| 23:28 | Create | Villager (Male) |
| 23:37 | Build | Lumber Camp |
| 23:44 | Create | Villager (Male) |
| 23:45 | Create | Villager (Male) |
| 23:45 | Create | Villager (Male) |
| 23:46 | Research | Wheelbarrow |
| 23:50 | Create | Villager (Male) |
| 23:50 | Create | Villager (Male) |
| 23:51 | Create | Villager (Male) |
| 23:57 | Create | Fishing Ship |
| 23:58 | Create | Fishing Ship |
| 24:13 | Build | Dock |
| 24:20 | Build | Fish Trap |
| 24:22 | Create | Villager (Male) |
| 24:23 | Create | Villager (Male) |
| 24:23 | Create | Villager (Male) |
| 24:23 | Create | Villager (Male) |
| 24:24 | Create | Villager (Male) |
| 24:24 | Create | Villager (Male) |
| 24:24 | Create | Villager (Male) |
Build order — joseemiron
First 150 of 667 actions detected
| 0:02 | Create | Villager (Male) |
| 0:03 | Build | House |
| 0:04 | Build | House |
| 0:05 | Create | Villager (Male) |
| 0:05 | Create | Villager (Male) |
| 0:12 | Create | Villager (Male) |
| 1:30 | Create | Villager (Male) |
| 1:47 | Build | Lumber Camp |
| 1:51 | Create | Villager (Male) |
| 2:22 | Create | Villager (Male) |
| 2:51 | Create | Villager (Male) |
| 3:18 | Create | Villager (Male) |
| 3:39 | Create | Villager (Male) |
| 3:49 | Build | House |
| 4:05 | Create | Villager (Male) |
| 4:17 | Research | Loom |
| 4:37 | Build | Dock |
| 4:43 | Create | Villager (Male) |
| 4:56 | Build | House |
| 5:03 | Create | Villager (Male) |
| 5:21 | Create | Villager (Male) |
| 5:22 | Create | Villager (Male) |
| 5:22 | Create | Fishing Ship |
| 5:51 | Build | House |
| 6:16 | Create | Fishing Ship |
| 6:27 | Create | Villager (Male) |
| 7:02 | Create | Villager (Male) |
| 7:04 | Create | Villager (Male) |
| 7:11 | Build | Lumber Camp |
| 7:58 | Create | Villager (Male) |
| 7:59 | Create | Villager (Male) |
| 7:59 | Create | Villager (Male) |
| 8:12 | Create | Villager (Male) |
| 8:14 | Create | Fishing Ship |
| 8:34 | Create | Fishing Ship |
| 9:05 | Build | Mining Camp |
| 9:17 | Build | House |
| 9:33 | Research | Feudal Age |
| 9:53 | Create | Fishing Ship |
| 10:30 | Build | Mill |
| 11:34 | Create | Villager (Male) |
| 11:34 | Create | Villager (Male) |
| 11:48 | Age | Feudal Age |
| 11:51 | Build | Market |
| 11:53 | Build | Blacksmith |
| 12:34 | Build | Fish Trap |
| 12:39 | Research | Castle Age |
| 12:44 | Build | Fish Trap |
| 12:51 | Build | House |
| 12:52 | Build | House |
| 12:56 | Research | Double-Bit Axe |
| 13:02 | Create | Fishing Ship |
| 13:03 | Create | Fishing Ship |
| 13:10 | Build | Fish Trap |
| 13:49 | Research | Horse Collar |
| 14:00 | Build | Fish Trap |
| 14:06 | Create | Demolition Raft |
| 14:10 | Create | Fishing Ship |
| 14:19 | Create | Villager (Male) |
| 14:19 | Create | Villager (Male) |
| 14:57 | Create | Fishing Ship |
| 14:58 | Create | Fishing Ship |
| 15:09 | Build | Fish Trap |
| 15:19 | Age | Castle Age |
| 15:23 | Build | Town Center |
| 15:33 | Research | Tech 906 |
| 15:47 | Create | Villager (Male) |
| 16:06 | Build | Fish Trap |
| 16:24 | Create | Demolition Raft |
| 16:27 | Build | House |
| 16:28 | Build | House |
| 16:31 | Build | Monastery |
| 16:36 | Create | Villager (Male) |
| 16:37 | Create | Villager (Male) |
| 16:41 | Research | Wheelbarrow |
| 16:43 | Create | Villager (Male) |
| 16:43 | Create | Villager (Male) |
| 16:55 | Create | Villager (Male) |
| 17:06 | Build | Fish Trap |
| 17:16 | Build | Fish Trap |
| 17:18 | Create | Fishing Ship |
| 17:24 | Create | Villager (Male) |
| 17:55 | Create | Monk |
| 17:57 | Create | Villager (Male) |
| 17:58 | Create | Villager (Male) |
| 17:59 | Create | Villager (Male) |
| 18:00 | Create | Villager (Male) |
| 18:00 | Create | Villager (Male) |
| 18:03 | Build | Town Center |
| 18:09 | Create | Villager (Male) |
| 18:09 | Create | Villager (Male) |
| 18:13 | Build | Fish Trap |
| 18:15 | Create | Fishing Ship |
| 18:16 | Create | Fishing Ship |
| 18:16 | Create | Fishing Ship |
| 18:23 | Build | House |
| 18:25 | Build | House |
| 18:26 | Build | House |
| 18:35 | Create | Villager (Male) |
| 18:44 | Create | Villager (Male) |
| 18:58 | Create | Villager (Male) |
| 19:04 | Build | Fish Trap |
| 19:18 | Create | Villager (Male) |
| 19:29 | Build | Dock |
| 19:32 | Build | Dock |
| 19:37 | Research | Gillnets |
| 19:45 | Build | Fish Trap |
| 20:00 | Build | Fish Trap |
| 20:08 | Build | House |
| 20:09 | Build | House |
| 20:10 | Build | House |
| 20:13 | Create | Villager (Male) |
| 20:13 | Create | Villager (Male) |
| 20:13 | Create | Villager (Male) |
| 20:14 | Create | Villager (Male) |
| 20:20 | Build | Farm |
| 20:22 | Build | Farm |
| 20:27 | Build | Fish Trap |
| 20:34 | Create | Villager (Male) |
| 20:34 | Create | Villager (Male) |
| 20:38 | Create | Fishing Ship |
| 20:39 | Create | Fishing Ship |
| 20:44 | Create | Fishing Ship |
| 20:46 | Create | Fishing Ship |
| 20:47 | Create | Fishing Ship |
| 20:51 | Create | Fishing Ship |
| 20:51 | Create | Fishing Ship |
| 21:06 | Create | Villager (Male) |
| 21:09 | Create | Villager (Male) |
| 21:09 | Create | Villager (Male) |
| 21:14 | Create | Villager (Male) |
| 21:20 | Build | Farm |
| 21:31 | Build | Fish Trap |
| 21:37 | Build | Fish Trap |
| 21:46 | Build | Fish Trap |
| 22:07 | Build | Fish Trap |
| 22:20 | Build | Fish Trap |
| 22:22 | Create | Villager (Male) |
| 22:22 | Create | Villager (Male) |
| 22:22 | Create | Villager (Male) |
| 22:23 | Create | Villager (Male) |
| 22:31 | Build | Fish Trap |
| 22:36 | Build | Fish Trap |
| 22:42 | Build | Farm |
| 22:42 | Build | Farm |
| 22:43 | Build | Farm |
| 22:43 | Build | Farm |
| 22:46 | Research | Bow Saw |
| 22:47 | Research | Heavy Plow |
| 22:48 | Create | Villager (Male) |
Build order — luzmamera2
First 150 of 490 actions detected
| 0:07 | Build | House |
| 0:08 | Build | House |
| 0:11 | Research | Loom |
| 0:12 | Create | Villager (Male) |
| 0:12 | Create | Villager (Male) |
| 0:12 | Create | Villager (Male) |
| 0:12 | Create | Villager (Male) |
| 0:13 | Create | Villager (Male) |
| 2:03 | Create | Villager (Male) |
| 2:03 | Create | Villager (Male) |
| 2:30 | Create | Villager (Male) |
| 2:30 | Create | Villager (Male) |
| 2:41 | Build | House |
| 2:58 | Create | Villager (Male) |
| 3:13 | Create | Villager (Male) |
| 3:42 | Create | Villager (Male) |
| 4:03 | Create | Villager (Male) |
| 4:04 | Create | Villager (Male) |
| 4:25 | Create | Villager (Male) |
| 5:04 | Create | Villager (Male) |
| 5:04 | Create | Villager (Male) |
| 5:54 | Create | Villager (Male) |
| 5:54 | Create | Villager (Male) |
| 6:13 | Build | House |
| 6:45 | Create | Villager (Male) |
| 6:48 | Create | Villager (Male) |
| 7:01 | Build | Lumber Camp |
| 7:54 | Build | Mill |
| 8:04 | Build | House |
| 8:17 | Create | Villager (Male) |
| 8:51 | Research | Feudal Age |
| 8:51 | Research | Feudal Age |
| 10:19 | Build | Mill |
| 10:27 | Build | Dock |
| 10:38 | Build | Mining Camp |
| 10:53 | Create | Villager (Male) |
| 10:54 | Create | Villager (Male) |
| 10:54 | Create | Villager (Male) |
| 10:54 | Create | Villager (Male) |
| 11:01 | Age | Feudal Age |
| 11:22 | Research | Double-Bit Axe |
| 11:59 | Create | Fishing Ship |
| 12:25 | Create | Villager (Male) |
| 12:25 | Create | Villager (Male) |
| 12:58 | Build | House |
| 12:59 | Build | House |
| 13:01 | Build | House |
| 13:15 | Create | Villager (Male) |
| 13:15 | Create | Villager (Male) |
| 13:31 | Build | Stone Wall |
| 13:58 | Create | Villager (Male) |
| 13:58 | Create | Villager (Male) |
| 14:03 | Create | Fishing Ship |
| 14:03 | Create | Fishing Ship |
| 14:03 | Create | Fishing Ship |
| 14:08 | Create | Villager (Male) |
| 14:08 | Create | Villager (Male) |
| 14:12 | Build | House |
| 14:14 | Build | House |
| 14:16 | Build | House |
| 14:18 | Build | House |
| 14:48 | Build | Stone Wall |
| 15:05 | Build | Stone Wall |
| 15:15 | Create | Villager (Male) |
| 15:15 | Create | Villager (Male) |
| 15:18 | Create | Fishing Ship |
| 15:19 | Create | Fishing Ship |
| 15:56 | Build | Stone Wall |
| 16:07 | Build | Stone Wall |
| 16:14 | Create | Villager (Male) |
| 16:14 | Create | Villager (Male) |
| 16:17 | Build | Farm |
| 16:21 | Build | Farm |
| 16:32 | Build | Blacksmith |
| 16:46 | Build | Market |
| 17:22 | Build | Farm |
| 17:28 | Build | House |
| 17:29 | Build | House |
| 17:30 | Build | House |
| 17:38 | Build | Mining Camp |
| 17:44 | Build | Farm |
| 17:48 | Build | Farm |
| 17:51 | Create | Villager (Male) |
| 17:51 | Create | Villager (Male) |
| 18:00 | Research | Tech 906 |
| 18:25 | Build | Farm |
| 18:48 | Build | Stone Wall |
| 18:56 | Create | Villager (Male) |
| 18:56 | Create | Villager (Male) |
| 18:59 | Build | Farm |
| 19:05 | Create | Fishing Ship |
| 19:05 | Create | Fishing Ship |
| 19:38 | Research | Castle Age |
| 20:03 | Build | Farm |
| 20:19 | Build | Farm |
| 20:30 | Build | Fish Trap |
| 20:46 | Build | Fish Trap |
| 20:52 | Build | Fish Trap |
| 20:56 | Build | Fish Trap |
| 21:04 | Build | Fish Trap |
| 21:14 | Build | Fish Trap |
| 21:33 | Build | Dock |
| 21:43 | Research | Stone Mining |
| 21:45 | Create | Villager (Male) |
| 21:46 | Create | Villager (Male) |
| 21:46 | Create | Villager (Male) |
| 22:21 | Build | House |
| 22:24 | Build | House |
| 22:26 | Build | House |
| 22:26 | Age | Castle Age |
| 22:34 | Research | Bow Saw |
| 22:40 | Build | Town Center |
| 22:47 | Build | Town Center |
| 22:55 | Research | Gillnets |
| 23:00 | Create | Fishing Ship |
| 23:00 | Create | Fishing Ship |
| 23:00 | Create | Fishing Ship |
| 23:00 | Create | Fishing Ship |
| 23:03 | Research | Gillnets |
| 23:07 | Build | Fish Trap |
| 23:13 | Build | Dock |
| 23:31 | Build | Stone Wall |
| 23:36 | Create | Villager (Male) |
| 23:37 | Create | Villager (Male) |
| 23:42 | Create | Villager (Male) |
| 23:43 | Create | Villager (Male) |
| 23:43 | Create | Villager (Male) |
| 23:58 | Build | University |
| 24:00 | Create | Villager (Male) |
| 24:01 | Create | Villager (Male) |
| 24:01 | Create | Villager (Male) |
| 24:01 | Create | Villager (Male) |
| 24:10 | Build | Fish Trap |
| 24:19 | Build | Mining Camp |
| 24:21 | Create | Villager (Male) |
| 24:21 | Create | Villager (Male) |
| 24:24 | Create | Villager (Male) |
| 24:24 | Create | Villager (Male) |
| 24:28 | Create | Villager (Male) |
| 24:28 | Create | Villager (Male) |
| 24:32 | Build | Farm |
| 24:36 | Build | Farm |
| 24:39 | Build | Farm |
| 24:44 | Build | Farm |
| 24:48 | Build | Farm |
| 24:52 | Build | Farm |
| 24:56 | Build | Fish Trap |
| 25:20 | Build | Stone Wall |
| 25:32 | Research | Fortified Wall (upgrade) |
| 25:35 | Build | Farm |
Build order — A P
First 150 of 360 actions detected
| 0:03 | Build | House |
| 0:05 | Build | House |
| 0:06 | Create | Villager (Male) |
| 0:06 | Create | Villager (Male) |
| 0:06 | Create | Villager (Male) |
| 0:06 | Create | Villager (Male) |
| 1:29 | Research | Loom |
| 1:32 | Create | Villager (Male) |
| 2:20 | Create | Villager (Male) |
| 2:20 | Create | Villager (Male) |
| 2:40 | Create | Villager (Male) |
| 2:56 | Create | Villager (Male) |
| 3:27 | Create | Villager (Male) |
| 4:03 | Build | Palisade Wall |
| 4:06 | Create | Villager (Male) |
| 4:07 | Create | Villager (Male) |
| 4:07 | Create | Villager (Male) |
| 4:31 | Build | House |
| 4:46 | Build | House |
| 5:33 | Create | Villager (Male) |
| 5:33 | Create | Villager (Male) |
| 5:34 | Create | Villager (Male) |
| 5:43 | Build | House |
| 5:48 | Build | House |
| 6:03 | Build | House |
| 7:12 | Create | Villager (Male) |
| 7:12 | Create | Villager (Male) |
| 7:13 | Create | Villager (Male) |
| 7:13 | Create | Villager (Male) |
| 7:45 | Build | Mining Camp |
| 8:06 | Create | Villager (Male) |
| 8:06 | Create | Villager (Male) |
| 8:07 | Create | Villager (Male) |
| 8:42 | Build | Mill |
| 9:33 | Build | House |
| 9:47 | Research | Feudal Age |
| 10:20 | Build | Lumber Camp |
| 11:05 | Build | Barracks |
| 12:17 | Age | Feudal Age |
| 12:48 | Research | Wheelbarrow |
| 12:50 | Create | Villager (Male) |
| 13:05 | Research | Double-Bit Axe |
| 13:17 | Create | Spearman |
| 13:17 | Create | Spearman |
| 13:37 | Build | Watch Tower |
| 13:49 | Build | House |
| 14:11 | Create | Villager (Male) |
| 14:12 | Create | Villager (Male) |
| 15:06 | Create | Villager (Male) |
| 15:11 | Create | Villager (Male) |
| 15:38 | Build | Stone Wall |
| 15:54 | Build | Mining Camp |
| 15:57 | Create | Villager (Male) |
| 15:57 | Create | Villager (Male) |
| 16:48 | Research | Stone Mining |
| 16:54 | Research | Gold Mining |
| 16:55 | Create | Villager (Male) |
| 17:10 | Build | Mining Camp |
| 17:13 | Create | Villager (Male) |
| 17:28 | Build | Farm |
| 17:31 | Build | Farm |
| 17:34 | Build | Farm |
| 17:48 | Build | Stone Wall |
| 18:06 | Build | Farm |
| 18:08 | Build | Farm |
| 18:11 | Build | Farm |
| 18:16 | Build | Farm |
| 18:26 | Build | Farm |
| 18:33 | Build | Farm |
| 18:42 | Build | Farm |
| 18:59 | Create | Villager (Male) |
| 19:00 | Create | Villager (Male) |
| 19:07 | Research | Horse Collar |
| 19:21 | Build | Mill |
| 19:25 | Build | Farm |
| 19:30 | Build | Farm |
| 19:32 | Build | Farm |
| 19:39 | Research | Town Watch |
| 20:00 | Build | Blacksmith |
| 20:13 | Build | Market |
| 20:19 | Create | Villager (Male) |
| 20:25 | Create | Villager (Male) |
| 21:11 | Create | Villager (Male) |
| 21:41 | Research | Castle Age |
| 21:54 | Build | Mining Camp |
| 22:43 | Create | Trade Cart |
| 22:44 | Create | Trade Cart |
| 22:46 | Create | Trade Cart |
| 23:29 | Build | Archery Range |
| 23:31 | Build | Archery Range |
| 23:47 | Build | House |
| 23:48 | Build | House |
| 23:50 | Build | House |
| 23:51 | Build | House |
| 24:21 | Age | Castle Age |
| 24:25 | Research | Hand Cart |
| 24:27 | Create | Villager (Male) |
| 24:28 | Create | Villager (Male) |
| 24:37 | Build | Town Center |
| 25:01 | Build | Town Center |
| 25:11 | Create | Villager (Male) |
| 25:23 | Build | University |
| 25:34 | Create | Villager (Male) |
| 25:34 | Create | Villager (Male) |
| 25:34 | Create | Villager (Male) |
| 25:35 | Create | Villager (Male) |
| 25:59 | Research | Caravan |
| 26:22 | Build | Castle |
| 26:29 | Create | Skirmisher ×5 |
| 26:35 | Create | Spearman ×3 |
| 26:41 | Create | Villager (Male) |
| 26:41 | Create | Villager (Male) |
| 26:41 | Create | Villager (Male) |
| 26:42 | Create | Villager (Male) |
| 26:42 | Create | Villager (Male) |
| 26:43 | Create | Villager (Male) |
| 26:43 | Create | Villager (Male) |
| 27:28 | Build | Town Center |
| 27:38 | Create | Villager (Male) |
| 27:39 | Create | Villager (Male) |
| 27:39 | Create | Villager (Male) |
| 27:39 | Create | Villager (Male) |
| 27:42 | Build | Farm |
| 27:47 | Build | Farm |
| 27:52 | Create | Villager (Male) |
| 27:52 | Create | Villager (Male) |
| 27:52 | Create | Villager (Male) |
| 27:58 | Research | Heavy Plow |
| 28:18 | Build | Farm |
| 28:26 | Create | Villager (Male) |
| 28:26 | Create | Villager (Male) |
| 28:27 | Create | Villager (Male) |
| 28:35 | Build | Farm |
| 29:03 | Build | Farm |
| 29:07 | Create | Villager (Male) |
| 29:07 | Create | Villager (Male) |
| 29:11 | Create | Villager (Male) |
| 29:12 | Create | Villager (Male) |
| 29:12 | Create | Villager (Male) |
| 29:20 | Build | Farm |
| 29:30 | Create | Villager (Male) |
| 29:44 | Build | Farm |
| 29:45 | Build | Farm |
| 29:47 | Build | Farm |
| 29:52 | Build | Farm |
| 29:54 | Build | Farm |
| 30:45 | Build | Farm |
| 30:47 | Create | Villager (Male) |
| 30:48 | Create | Villager (Male) |
| 30:48 | Create | Villager (Male) |
Build order — El Pulgo
First 150 of 567 actions detected
| 0:03 | Research | Loom |
| 0:03 | Create | Villager (Male) |
| 0:03 | Create | Villager (Male) |
| 0:03 | Create | Villager (Male) |
| 0:04 | Create | Villager (Male) |
| 0:04 | Create | Villager (Male) |
| 0:18 | Build | House |
| 1:03 | Build | Palisade Wall |
| 1:47 | Build | Lumber Camp |
| 2:04 | Build | Palisade Gate |
| 2:16 | Create | Villager (Male) |
| 2:46 | Build | House |
| 2:59 | Create | Villager (Male) |
| 3:30 | Build | House |
| 3:57 | Create | Villager (Male) |
| 4:23 | Create | Villager (Male) |
| 4:24 | Create | Villager (Male) |
| 5:13 | Create | Villager (Male) |
| 5:24 | Create | Villager (Male) |
| 5:50 | Create | Villager (Male) |
| 6:23 | Build | Dock |
| 6:35 | Create | Villager (Male) |
| 6:36 | Create | Villager (Male) |
| 6:42 | Build | Mill |
| 7:18 | Create | Villager (Male) |
| 7:30 | Build | House |
| 7:34 | Build | House |
| 7:35 | Build | House |
| 7:42 | Create | Villager (Male) |
| 7:42 | Create | Villager (Male) |
| 8:09 | Build | Lumber Camp |
| 8:38 | Create | Villager (Male) |
| 8:39 | Create | Villager (Male) |
| 9:11 | Create | Villager (Male) |
| 9:13 | Create | Villager (Male) |
| 9:42 | Create | Villager (Male) |
| 10:08 | Create | Villager (Male) |
| 10:09 | Create | Villager (Male) |
| 10:11 | Create | Fishing Ship |
| 10:16 | Create | Fishing Ship |
| 10:17 | Create | Fishing Ship |
| 10:18 | Create | Fishing Ship |
| 10:52 | Build | Farm |
| 12:10 | Build | Farm |
| 12:12 | Research | Feudal Age |
| 12:38 | Create | Villager (Male) |
| 12:39 | Create | Villager (Male) |
| 12:50 | Build | House |
| 12:51 | Build | House |
| 12:53 | Build | House |
| 13:01 | Create | Villager (Male) |
| 13:01 | Create | Villager (Male) |
| 13:08 | Create | Fishing Ship |
| 13:09 | Create | Fishing Ship |
| 13:17 | Build | Farm |
| 13:18 | Build | Farm |
| 13:20 | Build | Farm |
| 13:21 | Build | Farm |
| 13:29 | Build | Farm |
| 13:30 | Build | Farm |
| 13:37 | Create | Villager (Male) |
| 13:38 | Create | Villager (Male) |
| 13:51 | Build | Farm |
| 14:17 | Build | Mining Camp |
| 14:22 | Age | Feudal Age |
| 14:29 | Create | Villager (Male) |
| 14:38 | Build | Watch Tower |
| 14:55 | Create | Villager (Male) |
| 15:14 | Build | Farm |
| 15:16 | Build | Farm |
| 15:17 | Build | Farm |
| 15:18 | Build | Farm |
| 15:20 | Build | Farm |
| 15:24 | Create | Villager (Male) |
| 15:45 | Build | Stone Wall |
| 15:47 | Build | Stone Wall |
| 15:48 | Build | Stone Wall |
| 15:50 | Build | Stone Wall |
| 15:56 | Create | Villager (Male) |
| 16:02 | Build | Farm |
| 16:05 | Research | Gold Mining |
| 16:36 | Research | Tech 906 |
| 17:05 | Build | Market |
| 17:09 | Create | Villager (Male) |
| 17:28 | Build | House |
| 17:32 | Build | House |
| 17:34 | Build | House |
| 17:37 | Build | House |
| 17:43 | Create | Villager (Male) |
| 17:54 | Build | Mining Camp |
| 18:13 | Build | Fish Trap |
| 18:30 | Build | Fish Trap |
| 19:08 | Build | House |
| 19:18 | Build | Mining Camp |
| 19:28 | Create | Trade Cart |
| 19:37 | Build | Fish Trap |
| 19:43 | Create | Villager (Male) |
| 19:44 | Create | Villager (Male) |
| 19:48 | Create | Villager (Male) |
| 19:58 | Build | Blacksmith |
| 20:19 | Build | Lumber Camp |
| 20:28 | Create | Villager (Male) |
| 20:38 | Research | Castle Age |
| 20:45 | Build | Fish Trap |
| 20:50 | Build | Fish Trap |
| 21:05 | Build | Stone Wall |
| 21:07 | Build | Stone Wall |
| 21:09 | Build | Stone Wall |
| 21:37 | Create | Villager (Male) |
| 21:38 | Create | Villager (Male) |
| 21:39 | Create | Villager (Male) |
| 21:46 | Build | Fish Trap |
| 21:53 | Research | Double-Bit Axe |
| 21:57 | Research | Horse Collar |
| 22:38 | Create | Trade Cart |
| 22:39 | Create | Trade Cart |
| 22:58 | Research | Scale Barding Armor |
| 22:58 | Research | Scale Mail Armor |
| 22:59 | Research | Forging |
| 22:59 | Research | Fletching |
| 22:59 | Research | Padded Archer Armor |
| 23:06 | Research | Stone Mining |
| 23:18 | Age | Castle Age |
| 23:31 | Build | Town Center |
| 23:46 | Research | Bow Saw |
| 23:49 | Research | Heavy Plow |
| 24:24 | Build | Gate |
| 24:39 | Create | Villager (Male) |
| 24:40 | Create | Villager (Male) |
| 24:41 | Create | Villager (Male) |
| 24:41 | Create | Villager (Male) |
| 24:42 | Create | Villager (Male) |
| 24:42 | Create | Villager (Male) |
| 24:43 | Create | Villager (Male) |
| 24:44 | Create | Villager (Male) |
| 24:45 | Create | Villager (Male) |
| 25:00 | Create | Villager (Male) |
| 25:00 | Create | Villager (Male) |
| 25:01 | Create | Villager (Male) |
| 25:01 | Create | Villager (Male) |
| 25:01 | Create | Villager (Male) |
| 25:01 | Create | Villager (Male) |
| 25:02 | Create | Villager (Male) |
| 25:02 | Create | Villager (Male) |
| 25:02 | Create | Villager (Male) |
| 25:13 | Build | Town Center |
| 25:17 | Create | Villager (Male) |
| 25:28 | Research | Caravan |
| 25:29 | Create | Trade Cart |
| 25:30 | Create | Trade Cart |
Build order — Stir_and_Fly
First 150 of 673 actions detected
| 0:48 | Build | House |
| 0:51 | Build | House |
| 0:55 | Build | House |
| 0:58 | Create | Villager (Male) |
| 0:58 | Create | Villager (Male) |
| 0:59 | Create | Villager (Male) |
| 0:59 | Create | Villager (Male) |
| 0:59 | Create | Villager (Male) |
| 2:26 | Create | Villager (Male) |
| 2:26 | Create | Villager (Male) |
| 2:39 | Build | Mill |
| 4:15 | Create | Villager (Male) |
| 4:15 | Create | Villager (Male) |
| 4:15 | Create | Villager (Male) |
| 4:15 | Create | Villager (Male) |
| 4:16 | Create | Villager (Male) |
| 4:46 | Create | Villager (Male) |
| 4:47 | Create | Villager (Male) |
| 6:12 | Create | Villager (Male) |
| 6:13 | Create | Villager (Male) |
| 6:15 | Create | Villager (Male) |
| 6:15 | Create | Villager (Male) |
| 6:15 | Create | Villager (Male) |
| 6:38 | Create | Villager (Male) |
| 7:47 | Create | Villager (Male) |
| 7:48 | Create | Villager (Male) |
| 7:48 | Create | Villager (Male) |
| 8:00 | Build | House |
| 8:02 | Build | House |
| 8:05 | Build | House |
| 9:27 | Build | Mill |
| 10:25 | Build | Lumber Camp |
| 10:46 | Build | Farm |
| 10:52 | Build | Farm |
| 11:04 | Build | Farm |
| 11:09 | Build | Farm |
| 11:29 | Create | Villager (Male) |
| 11:29 | Create | Villager (Male) |
| 11:30 | Create | Villager (Male) |
| 11:38 | Research | Feudal Age |
| 13:13 | Create | Villager (Male) |
| 13:32 | Build | Farm |
| 13:39 | Build | Farm |
| 13:47 | Build | Farm |
| 14:04 | Age | Feudal Age |
| 14:15 | Research | Wheelbarrow |
| 14:15 | Create | Villager (Male) |
| 14:15 | Create | Villager (Male) |
| 14:16 | Create | Villager (Male) |
| 14:16 | Create | Villager (Male) |
| 14:16 | Create | Villager (Male) |
| 14:17 | Create | Villager (Male) |
| 14:17 | Create | Villager (Male) |
| 14:37 | Build | Farm |
| 16:23 | Research | Horse Collar |
| 16:27 | Research | Double-Bit Axe |
| 16:32 | Create | Villager (Male) |
| 16:40 | Build | Mining Camp |
| 18:03 | Build | Farm |
| 18:34 | Build | Market |
| 19:16 | Build | House |
| 19:17 | Build | House |
| 19:20 | Build | House |
| 19:30 | Build | Farm |
| 20:04 | Build | Farm |
| 20:20 | Build | Farm |
| 20:29 | Create | Villager (Male) |
| 20:29 | Create | Villager (Male) |
| 20:29 | Create | Villager (Male) |
| 20:30 | Create | Villager (Male) |
| 20:30 | Create | Villager (Male) |
| 20:30 | Create | Villager (Male) |
| 20:30 | Create | Villager (Male) |
| 20:31 | Create | Villager (Male) |
| 20:31 | Create | Villager (Male) |
| 20:31 | Create | Villager (Male) |
| 20:31 | Create | Villager (Male) |
| 20:32 | Create | Villager (Male) |
| 20:32 | Create | Villager (Male) |
| 20:32 | Create | Villager (Male) |
| 20:32 | Create | Villager (Male) |
| 20:33 | Create | Villager (Male) |
| 20:56 | Build | Mining Camp |
| 21:24 | Build | Blacksmith |
| 22:05 | Research | Gold Mining |
| 22:07 | Research | Stone Mining |
| 22:16 | Research | Stone Mining |
| 22:26 | Research | Scale Mail Armor |
| 22:26 | Research | Forging |
| 22:28 | Research | Fletching |
| 22:33 | Research | Castle Age |
| 23:10 | Build | Farm |
| 25:39 | Age | Castle Age |
| 25:50 | Research | Hand Cart |
| 25:51 | Create | Villager (Male) |
| 25:51 | Create | Villager (Male) |
| 25:51 | Create | Villager (Male) |
| 25:51 | Create | Villager (Male) |
| 25:52 | Create | Villager (Male) |
| 25:52 | Create | Villager (Male) |
| 25:52 | Create | Villager (Male) |
| 25:52 | Create | Villager (Male) |
| 25:53 | Create | Villager (Male) |
| 25:53 | Create | Villager (Male) |
| 25:53 | Create | Villager (Male) |
| 25:53 | Create | Villager (Male) |
| 25:54 | Create | Villager (Male) |
| 25:54 | Create | Villager (Male) |
| 25:54 | Create | Villager (Male) |
| 26:25 | Research | Heavy Plow |
| 26:32 | Research | Bow Saw |
| 27:18 | Build | Farm |
| 27:40 | Build | Farm |
| 28:05 | Build | Farm |
| 28:18 | Research | Gold Shaft Mining |
| 28:19 | Research | Stone Shaft Mining |
| 28:24 | Research | Stone Shaft Mining |
| 29:04 | Build | Monastery |
| 29:13 | Build | University |
| 29:48 | Create | Villager (Male) |
| 29:48 | Create | Villager (Male) |
| 29:48 | Create | Villager (Male) |
| 29:48 | Create | Villager (Male) |
| 29:49 | Create | Villager (Male) |
| 29:49 | Create | Villager (Male) |
| 29:49 | Create | Villager (Male) |
| 30:59 | Build | House |
| 31:03 | Build | House |
| 31:42 | Build | Town Center |
| 31:52 | Research | Imperial Age |
| 31:57 | Research | Imperial Age |
| 32:18 | Build | House |
| 32:22 | Build | House |
| 33:53 | Build | Castle |
| 34:50 | Build | Barracks |
| 34:53 | Build | Barracks |
| 35:20 | Build | House |
| 35:22 | Build | House |
| 35:25 | Build | House |
| 35:26 | Build | House |
| 35:28 | Build | House |
| 35:28 | Age | Imperial Age |
| 35:29 | Build | House |
| 35:31 | Build | House |
| 35:33 | Build | House |
| 35:35 | Build | House |
| 35:39 | Build | House |
| 35:40 | Build | House |
| 35:47 | Create | Villager (Male) |
| 35:47 | Create | Villager (Male) |
Build order — doktoryigitck
First 150 of 1035 actions detected
| 0:03 | Research | Loom |
| 0:04 | Create | Villager (Male) |
| 0:04 | Create | Villager (Male) |
| 0:04 | Create | Villager (Male) ×3 |
| 0:04 | Create | Villager (Male) ×2 |
| 0:06 | Build | House |
| 1:33 | Build | House |
| 1:55 | Create | Villager (Male) |
| 1:56 | Create | Villager (Male) |
| 2:25 | Create | Villager (Male) |
| 2:25 | Create | Villager (Male) |
| 3:11 | Create | Villager (Male) |
| 3:12 | Create | Villager (Male) |
| 3:12 | Create | Villager (Male) |
| 3:12 | Create | Villager (Male) |
| 3:27 | Create | Villager (Male) |
| 3:27 | Create | Villager (Male) |
| 3:49 | Create | Villager (Male) |
| 3:49 | Create | Villager (Male) |
| 3:52 | Build | House |
| 4:30 | Create | Villager (Male) ×2 |
| 4:30 | Create | Villager (Male) ×2 |
| 4:53 | Create | Villager (Male) |
| 4:53 | Create | Villager (Male) |
| 5:15 | Build | Lumber Camp |
| 5:18 | Create | Villager (Male) |
| 5:18 | Create | Villager (Male) |
| 5:55 | Create | Villager (Male) |
| 5:55 | Create | Villager (Male) |
| 6:03 | Build | House |
| 6:25 | Create | Villager (Male) ×2 |
| 6:25 | Create | Villager (Male) ×2 |
| 6:38 | Create | Villager (Male) ×2 |
| 6:38 | Create | Villager (Male) ×2 |
| 6:47 | Create | Villager (Male) |
| 6:47 | Create | Villager (Male) |
| 6:56 | Build | Mill |
| 7:04 | Create | Villager (Male) |
| 7:04 | Create | Villager (Male) |
| 7:37 | Create | Villager (Male) ×4 |
| 7:37 | Create | Villager (Male) ×4 |
| 8:34 | Build | House |
| 9:06 | Create | Villager (Male) |
| 10:34 | Create | Villager (Male) |
| 10:45 | Build | Mining Camp |
| 11:05 | Build | House |
| 11:28 | Research | Feudal Age |
| 11:37 | Build | Mining Camp |
| 12:37 | Build | Dock |
| 13:01 | Build | House |
| 13:30 | Build | House |
| 13:41 | Create | Fishing Ship |
| 13:41 | Create | Fishing Ship |
| 13:54 | Build | Mill |
| 14:06 | Age | Feudal Age |
| 14:16 | Build | Market |
| 14:30 | Build | Mill |
| 14:35 | Create | Villager (Male) |
| 14:36 | Research | Town Watch |
| 14:37 | Create | Villager (Male) |
| 14:44 | Build | Blacksmith |
| 15:23 | Research | Double-Bit Axe |
| 15:24 | Research | Castle Age |
| 17:02 | Create | Fishing Ship |
| 17:15 | Create | Trade Cart |
| 17:38 | Build | Stone Wall |
| 17:41 | Build | Gate |
| 17:45 | Build | Stone Wall |
| 17:53 | Research | Wheelbarrow |
| 18:30 | Age | Castle Age |
| 18:32 | Build | Town Center |
| 18:36 | Build | Monastery |
| 18:40 | Create | Villager (Male) |
| 18:41 | Create | Villager (Male) |
| 19:12 | Create | Monk |
| 19:18 | Research | Fervor |
| 19:24 | Create | Villager (Male) |
| 19:24 | Create | Villager (Male) |
| 19:24 | Create | Villager (Male) |
| 19:25 | Create | Villager (Male) |
| 19:26 | Create | Villager (Male) |
| 19:42 | Build | Castle |
| 19:55 | Create | Villager (Male) |
| 19:55 | Create | Villager (Male) |
| 19:56 | Create | Villager (Male) |
| 20:29 | Build | Town Center |
| 20:34 | Create | Villager (Male) |
| 20:34 | Create | Villager (Male) |
| 20:58 | Build | Farm |
| 21:03 | Build | Farm |
| 21:06 | Research | Horse Collar |
| 21:09 | Create | Monk |
| 21:14 | Create | Villager (Male) |
| 21:14 | Create | Villager (Male) |
| 21:15 | Create | Villager (Male) |
| 21:15 | Create | Villager (Male) |
| 21:34 | Build | Outpost |
| 21:41 | Build | House |
| 21:45 | Build | House |
| 22:06 | Create | Monk |
| 22:18 | Build | Lumber Camp |
| 22:26 | Build | Barracks |
| 22:29 | Research | Hand Cart |
| 22:29 | Create | Villager (Male) |
| 22:30 | Create | Villager (Male) |
| 22:43 | Build | House |
| 22:43 | Build | House |
| 22:49 | Create | Villager (Male) ×2 |
| 22:49 | Create | Villager (Male) ×2 |
| 23:07 | Build | Mill |
| 23:29 | Create | Hussite Wagon |
| 23:30 | Create | Hussite Wagon |
| 23:53 | Build | Siege Workshop |
| 23:57 | Create | Villager (Male) ×3 |
| 23:58 | Create | Villager (Male) ×3 |
| 24:00 | Build | Monastery |
| 24:18 | Build | Farm |
| 24:31 | Create | Monk |
| 24:34 | Create | Villager (Male) |
| 24:34 | Create | Villager (Male) |
| 24:39 | Build | Fish Trap |
| 24:46 | Build | Farm |
| 25:35 | Research | Bow Saw |
| 25:59 | Build | University |
| 26:05 | Build | Farm |
| 26:06 | Build | Farm |
| 26:07 | Build | Farm |
| 26:08 | Build | Farm |
| 26:08 | Build | Farm |
| 26:08 | Build | Farm |
| 26:08 | Build | Farm |
| 26:09 | Build | Farm |
| 26:09 | Build | Farm |
| 26:12 | Research | Heavy Plow |
| 26:18 | Create | Villager (Male) |
| 26:18 | Create | Villager (Male) ×2 |
| 26:25 | Build | Fish Trap |
| 26:27 | Build | Fish Trap |
| 26:52 | Build | Farm |
| 26:56 | Build | Farm |
| 26:57 | Build | Farm |
| 26:58 | Build | Farm |
| 27:02 | Build | Farm |
| 27:09 | Research | Caravan |
| 27:09 | Research | Coinage |
| 27:09 | Create | Trade Cart |
| 27:10 | Create | Trade Cart |
| 27:19 | Create | Monk |
| 27:53 | Build | Market |
| 28:07 | Build | Farm |
Match timeline
| 1:03 | El Pulgo · wall_segment Palisade Wall x14 |
| 1:18 | Sangreal2420 · wall_segment Palisade Wall x9 |
| 4:03 | A P · wall_segment Palisade Wall x9 |
| 4:37 | joseemiron · first_building Dock |
| 6:23 | El Pulgo · first_building Dock |
| 7:23 | Sangreal2420 · first_building Dock |
| 10:27 | luzmamera2 · first_building Dock |
| 11:01 | luzmamera2 · age_up feudal |
| 11:05 | A P · first_building Barracks |
| 11:07 | Pisztolya · age_up feudal |
| 11:48 | joseemiron · age_up feudal |
| 12:17 | A P · age_up feudal |
| 12:37 | doktoryigitck · first_building Dock |
| 13:31 | luzmamera2 · wall_segment Stone Wall x10 |
| 14:04 | Stir_and_Fly · age_up feudal |
| 14:06 | doktoryigitck · age_up feudal |
| 14:22 | El Pulgo · age_up feudal |
| 14:48 | luzmamera2 · wall_segment Stone Wall x6 |
| 15:05 | luzmamera2 · wall_segment Stone Wall x9 |
| 15:19 | joseemiron · age_up castle |
| 15:38 | A P · wall_segment Stone Wall x9 |
| 15:45 | El Pulgo · wall_segment Stone Wall x7 |
| 15:47 | El Pulgo · wall_segment Stone Wall x4 |
| 15:48 | El Pulgo · wall_segment Stone Wall x1 |
| 15:50 | Pisztolya · age_up castle |
| 15:50 | El Pulgo · wall_segment Stone Wall x7 |
| 15:56 | luzmamera2 · wall_segment Stone Wall x1 |
| 16:07 | luzmamera2 · wall_segment Stone Wall x12 |
| 16:31 | joseemiron · first_building Monastery |
| 17:21 | Sangreal2420 · first_market_buy 100 food |
| 17:29 | Sangreal2420 · first_market_sell 100 wood |
| 17:38 | doktoryigitck · wall_segment Stone Wall x6 |
| 17:45 | doktoryigitck · wall_segment Stone Wall x6 |
| 17:48 | A P · wall_segment Stone Wall x1 |
| 18:30 | doktoryigitck · age_up castle |
| 18:36 | doktoryigitck · first_building Monastery |
| 18:48 | luzmamera2 · wall_segment Stone Wall x13 |
| 19:42 | doktoryigitck · first_building Castle |
| 21:05 | El Pulgo · wall_segment Stone Wall x6 |
| 21:07 | El Pulgo · wall_segment Stone Wall x3 |
| 21:09 | El Pulgo · wall_segment Stone Wall x7 |
| 22:26 | luzmamera2 · age_up castle |
| 22:26 | doktoryigitck · first_building Barracks |
| 23:01 | joseemiron · first_building Krepost |
| 23:07 | joseemiron · first_building Barracks |
| 23:18 | El Pulgo · age_up castle |
| 23:29 | A P · first_building Archery Range |
| 23:31 | luzmamera2 · wall_segment Stone Wall x3 |
| 23:53 | doktoryigitck · first_building Siege Workshop |
| 24:21 | A P · age_up castle |
| 24:57 | joseemiron · first_building Stable |
| 25:20 | luzmamera2 · wall_segment Stone Wall x1 |
| 25:39 | Stir_and_Fly · age_up castle |
| 26:20 | doktoryigitck · first_market_buy 100 wood |
| 26:22 | A P · first_building Castle |
| 26:35 | luzmamera2 · first_building Siege Workshop |
| 26:55 | luzmamera2 · first_building Barracks |
| 27:00 | El Pulgo · first_building Siege Workshop |
| 27:00 | Pisztolya · first_building Monastery |
| 27:06 | El Pulgo · first_building Barracks |
| 27:34 | El Pulgo · first_building Monastery |
| 28:20 | Pisztolya · first_building Barracks |
| 29:00 | luzmamera2 · first_building Castle |
| 29:04 | Stir_and_Fly · first_building Monastery |
| 29:26 | doktoryigitck · wall_segment Stone Wall x19 |
| 29:29 | luzmamera2 · first_building Archery Range |
| 29:31 | joseemiron · first_building Castle |
| 29:44 | joseemiron · first_building Siege Workshop |
| 29:44 | Pisztolya · first_building Stable |
| 29:54 | Pisztolya · first_building Castle |
| 30:31 | Sangreal2420 · first_building Castle |
| 30:54 | Pisztolya · age_up imperial |
| 31:23 | El Pulgo · first_building Castle |
| 31:33 | joseemiron · age_up imperial |
| 32:08 | doktoryigitck · age_up imperial |
| 32:37 | A P · first_building Siege Workshop |
| 32:54 | Sangreal2420 · first_building Barracks |
| 33:38 | luzmamera2 · wall_segment Stone Wall x11 |
| 33:43 | Sangreal2420 · first_building Siege Workshop |
| 33:53 | Stir_and_Fly · first_building Castle |
| 34:23 | Sangreal2420 · first_building Stable |
| 34:50 | Stir_and_Fly · first_building Barracks |
| 34:57 | Pisztolya · first_building Siege Workshop |
| 35:28 | Stir_and_Fly · age_up imperial |
| 36:24 | Stir_and_Fly · first_building Siege Workshop |
| 36:26 | El Pulgo · age_up imperial |
| 37:04 | luzmamera2 · age_up imperial |
| 37:06 | Sangreal2420 · first_building Archery Range |
| 37:06 | doktoryigitck · first_building Archery Range |
| 37:55 | A P · age_up imperial |
| 38:25 | Sangreal2420 · first_building Monastery |
| 44:22 | joseemiron · tribute_sent a jugador 1 |
| 44:22 | joseemiron · tribute_sent a jugador 3 |
| 44:22 | joseemiron · tribute_sent a jugador 4 |
| 44:22 | joseemiron · tribute_sent a jugador 5 |
| 44:22 | joseemiron · tribute_sent a jugador 6 |
| 44:22 | joseemiron · tribute_sent a jugador 7 |
| 44:22 | joseemiron · tribute_sent a jugador 8 |
| 45:49 | El Pulgo · first_market_buy 100 stone |
| 47:03 | doktoryigitck · first_building Stable |
| 47:31 | Pisztolya · first_market_sell 500 wood |
| 50:23 | luzmamera2 · wall_segment Stone Wall x5 |
| 55:39 | doktoryigitck · wall_segment Stone Wall x9 |
| 57:32 | doktoryigitck · wall_segment Stone Wall x7 |
| 58:15 | doktoryigitck · wall_segment Stone Wall x5 |
| 59:33 | doktoryigitck · wall_segment Stone Wall x12 |
| 59:42 | doktoryigitck · wall_segment Stone Wall x13 |
| 59:44 | joseemiron · first_market_buy 100 stone |
| 59:55 | Pisztolya · first_building Archery Range |
| 59:55 | joseemiron · wall_segment Stone Wall x1 |
| 59:58 | joseemiron · wall_segment Stone Wall x1 |
| 60:09 | joseemiron · wall_segment Stone Wall x1 |
| 60:32 | doktoryigitck · wall_segment Stone Wall x9 |
| 60:55 | joseemiron · first_market_sell 500 food |
| 62:02 | luzmamera2 · first_market_sell 100 food |
| 64:07 | doktoryigitck · first_market_sell 100 food |
| 66:12 | doktoryigitck · wall_segment Stone Wall x6 |
| 66:15 | El Pulgo · first_building Stable |
| 66:16 | doktoryigitck · wall_segment Stone Wall x2 |
| 66:40 | doktoryigitck · wall_segment Stone Wall x18 |
| 67:26 | A P · first_market_buy 100 stone |
| 69:40 | doktoryigitck · wall_segment Stone Wall x7 |
| 69:51 | Stir_and_Fly · first_market_sell 100 wood |
| 74:55 | Sangreal2420 · resign |
[ AI ANALYSIS · 1 CREDIT ]
What really happened in this match?
Wolo.gg analyzes every decision: build order, eco, micro, common mistakes by bracket. Personalized analysis on WhatsApp or Discord in 30 seconds.
Civ guide
Persians
Perfil
Jugador #4093700